Diablos vs Condors

Created - October 31, 2020 at 19:08

Goals
1 2 3 T
Diablos 2 1 1 4
Condors 1 1 0 2
Shots
1 2 3 T
Diablos 11 18 4 33
Condors 18 13 8 39

1st period

1. Diablos , Tyler Pitlick 3 (Corey Trivino 2, Viktor Loov 6) at 7:30
2. Diablos , Brian Dumoulin 1 (Dominic Turgeon 1) at 16:36
3. Condors , Nail Yakupov 5 (Tyler Bozak 6) at 18:35

Penalties :
No Penalty

2nd period

4. Diablos , Tyler Pitlick 4 (Jiri Sekac 3, Corey Trivino 3) at 2:23
5. Condors , Daniel Zaar 3 (Mark Jankowski 3) at 14:57

Penalties :
Brian Dumoulin (Don) for Holding (Minor) at 7:43

3rd period

6. Diablos , Adrian Kempe 4 (Peter Holland 5, Brian Dumoulin 5) at 11:10

Penalties :
Brett Lernout (Bak) for Roughing (Minor) at 4:29, Erik Cernak (Bak) for Hooking (Minor) at 16:28, Andrey Pedan (Don) for High sticking (Minor) at 19:26

Goalie Stats

Joni Ortio (Don), 37 saves from 39 shots - (0.949), W, 1-1-1, 60:00 minutes
Mackenzie Blackwood (Bak), 29 saves from 33 shots - (0.879), L, 3-1-1, 60:00 minutes

Players Stats for Diablos

Player Name              G  A  P  +/- PIM S  H  SB GA TA FO     MP     PP MP  PK MP  
------------------------------------------------------------------------------------
Adrian Kempe             1  0  1   0  0   5  0  0  0  0  2/2    18:56   2:02   0:00 
Alex Petrovic            0  0  0   1  0   5  0  1  0  0  0/0    26:30   2:25   1:01 
Andrei Mironov           0  0  0   1  0   1  0  1  0  2  0/0    17:19   0:00   0:06 
Andrey Pedan             0  0  0   0  2   0  6  1  0  0  0/0    14:22   0:08   0:56 
Brian Dumoulin           1  1  2   1  2   4  2  1  0  1  0/0    22:03   1:33   0:00 
Charles Hudon            0  0  0   1  0   2  0  0  1  1  0/1    11:53   0:06   0:00 
Corey Trivino            0  2  2   1  0   1  0  0  2  0  6/15   17:16   1:50   1:29 
Corey Tropp              0  0  0   0  0   2  2  0  0  0  0/0    11:15   0:00   0:31 
Daniel Sprong            0  0  0   1  0   0  0  0  0  0  0/0    11:50   0:03   0:00 
Danton Heinen            0  0  0   0  0   2  1  0  3  0  2/2    18:56   2:02   0:00 
Dean Kukan               0  0  0   0  0   0  1  1  0  1  0/0    16:28   1:46   1:49 
Dominic Turgeon          0  1  1   1  0   2  1  0  0  1  2/4    11:13   0:00   0:00 
Jiri Sekac               0  1  1   1  0   4  3  0  0  0  0/0    16:22   1:50   0:28 
Mason Appleton           0  0  0   0  0   0  0  0  0  0  3/3    11:32   0:06   0:00 
Peter Holland            0  1  1   0  0   1  0  0  0  0  17/30  19:37   2:02   0:41 
Sergey Tolchinsky        0  0  0   0  0   1  1  0  1  0  0/0    11:10   0:00   0:26 
Tyler Pitlick            2  0  2   1  0   3  1  0  2  1  0/0    17:27   1:53   1:29 
Viktor Loov              0  1  1   1  0   0  1  1  0  1  0/0    23:17   2:04   1:12 

Players Stats for Condors

Player Name              G  A  P  +/- PIM S  H  SB GA TA FO     MP     PP MP  PK MP  
------------------------------------------------------------------------------------
Alex Tuch                0  0  0  -2  0   2  2  1  1  0  1/1    18:03   1:29   0:47 
Andrew Mangiapane        0  0  0   0  0   2  1  0  0  0  0/1    19:02   1:03   1:00 
Anton Slepyshev          0  0  0  -2  0   6  1  0  2  0  0/0    17:16   1:29   0:00 
Brett Lernout            0  0  0  -1  2   1  2  0  0  0  0/0    13:51   0:00   0:56 
C.J Suess                0  0  0  -1  0   1  1  0  1  0  0/0     8:50   0:00   0:00 
Carl Gunnarsson          0  0  0   0  0   2  0  1  0  1  0/0    27:04   1:39   1:25 
Chris Bigras             0  0  0  -1  0   2  3  2  0  2  0/0    18:31   0:53   0:41 
Christian Thomas         0  0  0   1  0   1  0  0  1  0  0/0    11:36   0:00   0:00 
Daniel Zaar              1  0  1   1  0   1  0  0  0  0  0/0    11:36   0:00   0:00 
Eric Gustafsson          0  0  0   0  0   3  2  2  0  1  0/0    27:01   1:39   1:25 
Erik Cernak              0  0  0  -1  2   0  0  2  1  0  0/0    13:39   0:00   1:20 
Frederik Gauthier        0  0  0  -2  0   3  0  0  0  2  6/12   17:48   1:03   1:00 
Louis Leblanc            0  0  0  -1  0   1  0  0  0  0  2/5     9:25   0:00   0:17 
Mark Jankowski           0  1  1   1  0   3  1  0  1  2  1/3    13:29   0:00   1:13 
Mikko Lehtonen           0  0  0  -1  0   1  0  0  0  0  0/0     8:50   0:00   0:00 
Nail Yakupov             1  0  1   0  0   2  1  2  0  1  2/2    19:40   1:03   1:58 
Tyler Bozak              0  1  1   0  0   6  2  1  1  0  13/33  20:08   1:29   1:58 
Zac Leslie               0  0  0  -1  0   2  0  0  0  0  0/0    20:11   0:53   1:52 

3 Stars

1 - Tyler Pitlick (Don)
2 - Joni Ortio (Don)
3 - Brian Dumoulin (Don)

Power Play

Diablos - 0 on 2 Attempt(s) - 0.00%
Condors - 0 on 2 Attempt(s) - 0.00%

Penalty Kill

Diablos - 2 on 2 Attempt(s) - 100.00% - Score 0 goal in Penalty Kill
Condors - 2 on 2 Attempt(s) - 100.00% - Score 0 goal in Penalty Kill

Team Stat

Diablos - Hits : 19 - Faceoff Wins : 32 - Blocked Shots : 6 - Penalty Minutes : 4
Condors - Hits : 16 - Faceoff Wins : 25 - Blocked Shots : 11 - Penalty Minutes : 4

Official

Referees : Unknown
Linesman : Unknown

Game Notes

Alex Petrovic is injured at 19:35 of 3rd period (Left Knee)

Finance

Level 1 -- Attendance: 1365 (68.25%) -- Ticket Income $54,600
Level 2 -- Attendance: 727 (72.70%) -- Ticket Income $14,540
Total Attendance: 2092 (69.73%)
Total Ticket Income: $69,140
Other Income: $3,457
Total Income: $72,597

Diablos

5 vs 5 Forward 
   Center                   Left Wing                Right Wing               Time % Phy DF OF 
 1 Peter Holland            Adrian Kempe             Danton Heinen            45     0   2  3  
 2 Corey Trivino            Jiri Sekac               Tyler Pitlick            30     0   2  3  
 3 Mason Appleton           Sergey Tolchinsky        Corey Tropp              15     0   2  3  
 4 Dominic Turgeon          Charles Hudon            Daniel Sprong            10     0   3  2  

5 vs 5 Defense 
   Defense                  Defense                                           Time % Phy DF OF 
 1 Viktor Loov              Alex Petrovic                                     40     0   3  2  
 2 Brian Dumoulin           Andrei Mironov                                    30     0   3  2  
 3 Dean Kukan               Andrey Pedan                                      20     0   3  2  
 4 Alex Petrovic            Brian Dumoulin                                    10     0   3  2  

PowerPlay Forward 
   Center                   Left Wing                Right Wing               Time % Phy DF OF 
 1 Peter Holland            Adrian Kempe             Danton Heinen            60     0   0  5  
 2 Corey Trivino            Jiri Sekac               Tyler Pitlick            40     0   0  5  

PowerPlay Defense
   Defense                  Defense                                           Time % Phy DF OF 
 1 Alex Petrovic            Viktor Loov                                       60     0   1  4  
 2 Brian Dumoulin           Viktor Loov                                       40     0   1  4  

Penalty Kill 4 Players Forward 
   Center                   Wing                     Time % Phy DF OF 
 1 Corey Trivino            Tyler Pitlick            60     1   4  0  
 2 Peter Holland            Sergey Tolchinsky        40     1   4  0  

Penalty Kill 4 Players Defense
   Defense                  Defense                  Time % Phy DF OF 
 1 Dean Kukan               Alex Petrovic            60     1   4  0  
 2 Brian Dumoulin           Viktor Loov              40     1   4  0  

Penalty Kill - 3 Players Forward 
   Forward                                           Time % Phy DF OF 
 1 Corey Trivino                                     60     0   5  0  
 2 Mason Appleton                                    40     0   5  0  

Penalty Kill - 3 Players Defense
   Defense                  Defense                  Time % Phy DF OF 
 1 Dean Kukan               Viktor Loov              60     0   5  0  
 2 Alex Petrovic            Andrey Pedan             40     0   5  0  

4 vs 4 Forward 
   Center                   Wing                     Time % Phy DF OF 
 1 Peter Holland            Adrian Kempe             60     0   2  3  
 2 Corey Trivino            Danton Heinen            40     0   2  3  

4 vs 4 Defense
   Defense                  Defense                  Time % Phy DF OF 
 1 Viktor Loov              Brian Dumoulin           60     0   2  3  
 2 Alex Petrovic            Dean Kukan               40     0   2  3  

Last Minutes Offensive
   Center                   Left Wing                Right Wing               Defense                  Defense                  
   Peter Holland            Adrian Kempe             Danton Heinen            Brian Dumoulin           Alex Petrovic            

Last Minutes Defensive
   Center                   Left Wing                Right Wing               Defense                  Defense                  
   Corey Trivino            Sergey Tolchinsky        Corey Tropp              Viktor Loov              Dean Kukan               

Goaltenders
Starting : Joni Ortio               
Backup : Jean-Francois Berube     

Extra Forwards
Normal : Adrian Kempe, Danton Heinen, Peter Holland - PP : Danton Heinen, Adrian Kempe - PK : Corey Tropp
Extra Defensemen
Normal : Brian Dumoulin, Alex Petrovic, Viktor Loov - PP : Brian Dumoulin - PK : Dean Kukan, Viktor Loov
Penalty Shots
Peter Holland, Adrian Kempe, Danton Heinen, Corey Trivino, Corey Tropp

Scratches
Adam Gaudette (Lacerated Right Calf Injury), Guillaume Brisebois (Healthy), Tyler Lewington (Healthy), Tobias Lindberg (Healthy), Scott Glennie (Healthy)
Ty Rattie (Healthy), Jakub Vrana (Healthy), Jack Glover (Healthy), Ryan MacInnis (Healthy)

Condors

5 vs 5 Forward 
   Center                   Left Wing                Right Wing               Time % Phy DF OF 
 1 Tyler Bozak              Andrew Mangiapane        Nail Yakupov             40     1   2  2  
 2 Frederik Gauthier        Anton Slepyshev          Alex Tuch                30     1   2  2  
 3 Mark Jankowski           Christian Thomas         Daniel Zaar              20     1   2  2  
 4 Louis Leblanc            C.J Suess                Mikko Lehtonen           10     1   2  2  

5 vs 5 Defense 
   Defense                  Defense                                           Time % Phy DF OF 
 1 Carl Gunnarsson          Eric Gustafsson                                   40     1   2  2  
 2 Zac Leslie               Chris Bigras                                      30     1   2  2  
 3 Brett Lernout            Erik Cernak                                       20     1   2  2  
 4 Carl Gunnarsson          Eric Gustafsson                                   10     1   2  2  

PowerPlay Forward 
   Center                   Left Wing                Right Wing               Time % Phy DF OF 
 1 Tyler Bozak              Anton Slepyshev          Alex Tuch                60     1   2  2  
 2 Frederik Gauthier        Andrew Mangiapane        Nail Yakupov             40     1   2  2  

PowerPlay Defense
   Defense                  Defense                                           Time % Phy DF OF 
 1 Carl Gunnarsson          Eric Gustafsson                                   60     1   2  2  
 2 Zac Leslie               Chris Bigras                                      40     1   2  2  

Penalty Kill 4 Players Forward 
   Center                   Wing                     Time % Phy DF OF 
 1 Tyler Bozak              Nail Yakupov             60     1   2  2  
 2 Frederik Gauthier        Mark Jankowski           40     1   2  2  

Penalty Kill 4 Players Defense
   Defense                  Defense                  Time % Phy DF OF 
 1 Carl Gunnarsson          Eric Gustafsson          60     1   2  2  
 2 Zac Leslie               Brett Lernout            40     1   2  2  

Penalty Kill - 3 Players Forward 
   Forward                                           Time % Phy DF OF 
 1 Tyler Bozak                                       60     1   2  2  
 2 Nail Yakupov                                      40     1   2  2  

Penalty Kill - 3 Players Defense
   Defense                  Defense                  Time % Phy DF OF 
 1 Carl Gunnarsson          Eric Gustafsson          60     1   2  2  
 2 Zac Leslie               Brett Lernout            40     1   2  2  

4 vs 4 Forward 
   Center                   Wing                     Time % Phy DF OF 
 1 Tyler Bozak              Nail Yakupov             60     1   2  2  
 2 Frederik Gauthier        Mark Jankowski           40     1   2  2  

4 vs 4 Defense
   Defense                  Defense                  Time % Phy DF OF 
 1 Carl Gunnarsson          Chris Bigras             60     1   2  2  
 2 Zac Leslie               Eric Gustafsson          40     1   2  2  

Last Minutes Offensive
   Center                   Left Wing                Right Wing               Defense                  Defense                  
   Tyler Bozak              Anton Slepyshev          Nail Yakupov             Carl Gunnarsson          Eric Gustafsson          

Last Minutes Defensive
   Center                   Left Wing                Right Wing               Defense                  Defense                  
   Tyler Bozak              Anton Slepyshev          Nail Yakupov             Carl Gunnarsson          Eric Gustafsson          

Goaltenders
Starting : Mackenzie Blackwood      
Backup : Mark Visentin            

Extra Forwards
Normal : Louis Leblanc, Daniel Zaar, Alex Tuch - PP : Louis Leblanc, Daniel Zaar - PK : Alex Tuch
Extra Defensemen
Normal : Brett Lernout, Erik Cernak, Zac Leslie - PP : Brett Lernout - PK : Erik Cernak, Zac Leslie
Penalty Shots
Tyler Bozak, Nail Yakupov, Frederik Gauthier, Mark Jankowski, Anton Slepyshev

Scratches
Emil Djuse (Healthy), Jacob Larsson (Healthy), Nick Merkley (Healthy), Cole Cassels (Healthy), Jordan Subban (Healthy)
Jeremy Gregoire (Healthy), Connor Hurley (Healthy), Remi Elie (Healthy), Gustav Olofsson (Healthy), Adam Erne (Healthy)
Brett Ritchie (Healthy), Anders Bjork (Healthy), Marc-André Bourdon (Fractured Orbital Bone Injury), Hunter Smith (Healthy), Mike Smith (Healthy)
Jack Campbell (Healthy)

% Time on Ice - Diablos

Lines # - Real PCT - Wanted PCT - Time Play
Normal Forward
1 - 32% - 45% - 17:20
2 - 27% - 30% - 14:13
3 - 20% - 15% - 10:44
4 - 21% - 10% - 11:13
Normal Defense
1 - 35% - 40% - 18:51
2 - 32% - 30% - 17:06
3 - 25% - 20% - 13:12
4 - 8% - 10% - 4:21
PP Forward
1 - 53% - 60% - 2:05
2 - 47% - 40% - 1:53
PP Defense
1 - 61% - 60% - 2:25
2 - 39% - 40% - 1:33
PK Forward
1 - 83% - 60% - 2:06
2 - 17% - 40% - 0:26
PK Defense
1 - 55% - 60% - 1:23
2 - 45% - 40% - 1:09
PK3 Forward
1 - 0% - 60%
2 - 0% - 40%
PK3 Defense
1 - 0% - 60%
2 - 0% - 40%
44 Forward
1 - 0% - 60%
2 - 0% - 40%
44 Defense
1 - 0% - 60%
2 - 0% - 40%
Last Minute Offensive  - 0:00
Last Minute Defensive  - 0:00
Total
Forward - 60:00
Defense - 60:00

% Time on Ice - Condors

Lines # - Real PCT - Wanted PCT - Time Play
Normal Forward
1 - 32% - 40% - 17:01
2 - 30% - 30% - 16:03
3 - 22% - 20% - 11:36
4 - 17% - 10% - 8:50
Normal Defense
1 - 38% - 40% - 20:12
2 - 33% - 30% - 17:26
3 - 23% - 20% - 12:07
4 - 7% - 10% - 3:45
PP Forward
1 - 59% - 60% - 1:29
2 - 41% - 40% - 1:03
PP Defense
1 - 65% - 60% - 1:39
2 - 35% - 40% - 0:53
PK Forward
1 - 75% - 60% - 2:58
2 - 25% - 40% - 1:00
PK Defense
1 - 36% - 60% - 1:25
2 - 64% - 40% - 2:33
PK3 Forward
1 - 0% - 60%
2 - 0% - 40%
PK3 Defense
1 - 0% - 60%
2 - 0% - 40%
44 Forward
1 - 0% - 60%
2 - 0% - 40%
44 Defense
1 - 0% - 60%
2 - 0% - 40%
Last Minute Offensive  - 0:00
Last Minute Defensive  - 0:00
Total
Forward - 60:00
Defense - 60:00

Play-by-Play

1st period


0:01 of 1st period - Peter Holland wins face-off versus Tyler Bozak in neutral zone.
0:27 of 1st period - Carl Gunnarsson is hit by Jiri Sekac and loses puck.
1:08 of 1st period - Wrist shot by C.J Suess.
1:08 of 1st period - Shot Misses the Net.
1:10 of 1st period - Slapshot by Eric Gustafsson.
1:10 of 1st period - Deflect By Mikko Lehtonen.
1:10 of 1st period - Shot Misses the Net.
1:10 of 1st period - Puck is out of play.
1:11 of 1st period - Dominic Turgeon wins face-off versus Louis Leblanc in Diablos zone.
1:25 of 1st period - Off-side.
1:26 of 1st period - Peter Holland wins face-off versus Tyler Bozak in neutral zone.
2:04 of 1st period - Snap shot by Anton Slepyshev.
2:04 of 1st period - Stopped by Joni Ortio without a rebound.
2:05 of 1st period - Mason Appleton wins face-off versus Mark Jankowski in Diablos zone.
2:05 of 1st period - Mason Appleton is hit by Mark Jankowski.
2:17 of 1st period - Snap shot by Corey Tropp.
2:17 of 1st period - Shot Misses the Net.
2:31 of 1st period - Danton Heinen is hit by Nail Yakupov and loses puck.
2:52 of 1st period - Backhand shot by Alex Tuch.
2:52 of 1st period - Shot Misses the Net.
2:54 of 1st period - Snap shot by Carl Gunnarsson.
2:54 of 1st period - Stopped by Joni Ortio with a rebound.
2:56 of 1st period - Slapshot by Brett Lernout.
2:56 of 1st period - Shot Blocked by Viktor Loov.
2:58 of 1st period - Wrist shot by Frederik Gauthier.
2:58 of 1st period - Shot Misses the Net.
3:14 of 1st period - Backhand shot by Viktor Loov.
3:14 of 1st period - Shot Blocked by Erik Cernak.
4:57 of 1st period - Mark Jankowski is hit by Andrey Pedan and loses puck.
5:04 of 1st period - Wrist shot by Christian Thomas.
5:04 of 1st period - Shot Blocked by Andrey Pedan.
5:06 of 1st period - Wrist shot by Eric Gustafsson.
5:06 of 1st period - Stopped by Joni Ortio with a rebound.
5:08 of 1st period - Snap shot by Mark Jankowski.
5:08 of 1st period - Stopped by Joni Ortio with a rebound.
5:24 of 1st period - Wrist shot by Tyler Bozak.
5:24 of 1st period - Stopped by Joni Ortio with a rebound.
5:26 of 1st period - Slapshot by Brett Lernout.
5:26 of 1st period - Stopped by Joni Ortio without a rebound.
5:27 of 1st period - Frederik Gauthier wins face-off versus Corey Trivino in Diablos zone.
5:36 of 1st period - Snap shot by Anton Slepyshev.
5:36 of 1st period - Stopped by Joni Ortio without a rebound.
5:37 of 1st period - Corey Trivino wins face-off versus Frederik Gauthier in Diablos zone.
5:46 of 1st period - Icing by Anton Slepyshev.
5:47 of 1st period - Alex Tuch wins face-off versus Peter Holland in Condors zone.
5:52 of 1st period - Wrist shot by Anton Slepyshev.
5:52 of 1st period - Stopped by Joni Ortio without a rebound.
5:53 of 1st period - Peter Holland wins face-off versus Andrew Mangiapane in Diablos zone.
7:30 of 1st period - Wrist shot by Tyler Pitlick.
7:30 of 1st period - Goal by Tyler Pitlick - Diablos : 1 - Condors : 0.
7:31 of 1st period - Peter Holland wins face-off versus Tyler Bozak in neutral zone.
7:34 of 1st period - Snap shot by Danton Heinen.
7:34 of 1st period - Stopped by Mackenzie Blackwood with a rebound.
7:36 of 1st period - Snap shot by Andrei Mironov.
7:36 of 1st period - Stopped by Mackenzie Blackwood without a rebound.
7:37 of 1st period - Peter Holland wins face-off versus Tyler Bozak in Condors zone.
7:44 of 1st period - Slapshot by Peter Holland.
7:44 of 1st period - Stopped by Mackenzie Blackwood without a rebound.
7:45 of 1st period - Danton Heinen wins face-off versus Tyler Bozak in Condors zone.
7:52 of 1st period - Slapshot by Nail Yakupov.
7:52 of 1st period - Shot Misses the Net.
7:54 of 1st period - Snap shot by Andrew Mangiapane.
7:54 of 1st period - Stopped by Joni Ortio without a rebound.
7:55 of 1st period - Tyler Bozak wins face-off versus Peter Holland in Diablos zone.
8:36 of 1st period - Slapshot by Tyler Bozak.
8:36 of 1st period - Stopped by Joni Ortio with a rebound.
9:08 of 1st period - Snap shot by Tyler Bozak.
9:08 of 1st period - Shot Misses the Net.
9:10 of 1st period - Wrist shot by Nail Yakupov.
9:10 of 1st period - Shot Blocked by Brian Dumoulin.
9:12 of 1st period - Slapshot by Tyler Bozak.
9:12 of 1st period - Stopped by Joni Ortio with a rebound.
9:14 of 1st period - Wrist shot by Eric Gustafsson.
9:14 of 1st period - Stopped by Joni Ortio without a rebound.
9:15 of 1st period - Frederik Gauthier wins face-off versus Corey Trivino in Diablos zone.
9:24 of 1st period - Snap shot by Jiri Sekac.
9:24 of 1st period - Stopped by Mackenzie Blackwood with a rebound.
9:26 of 1st period - Slapshot by Alex Petrovic.
9:26 of 1st period - Deflect By Frederik Gauthier.
9:26 of 1st period - Stopped by Mackenzie Blackwood without a rebound.
9:27 of 1st period - Frederik Gauthier wins face-off versus Corey Trivino in Condors zone.
10:51 of 1st period - Snap shot by Frederik Gauthier.
10:51 of 1st period - Shot Misses the Net.
10:53 of 1st period - Snap shot by Frederik Gauthier.
10:53 of 1st period - Stopped by Joni Ortio with a rebound.
10:55 of 1st period - Snap shot by Frederik Gauthier.
10:55 of 1st period - Stopped by Joni Ortio with a rebound.
11:40 of 1st period - Snap shot by Sergey Tolchinsky.
11:40 of 1st period - Stopped by Mackenzie Blackwood without a rebound.
11:41 of 1st period - Mason Appleton wins face-off versus Tyler Bozak in Condors zone.
12:53 of 1st period - Brian Dumoulin is hit by Brett Lernout and loses puck.
13:08 of 1st period - Erik Cernak is hit by Dean Kukan and loses puck.
13:17 of 1st period - Corey Tropp is hit by C.J Suess and loses puck.
13:56 of 1st period - Eric Gustafsson is hit by Andrey Pedan and loses puck.
14:03 of 1st period - Mark Jankowski is hit by Jiri Sekac and loses puck.
14:55 of 1st period - Wrist shot by Mikko Lehtonen.
14:55 of 1st period - Stopped by Joni Ortio with a rebound.
15:37 of 1st period - Mark Jankowski is hit by Andrey Pedan and loses puck.
16:10 of 1st period - Alex Petrovic is hit by Alex Tuch and loses puck.
16:17 of 1st period - Eric Gustafsson is hit by Andrey Pedan and loses puck.
16:36 of 1st period - Slapshot by Brian Dumoulin.
16:36 of 1st period - Goal by Brian Dumoulin - Diablos : 2 - Condors : 0.
16:37 of 1st period - Peter Holland wins face-off versus Tyler Bozak in neutral zone.
16:40 of 1st period - Slapshot by Adrian Kempe.
16:40 of 1st period - Shot Misses the Net.
16:42 of 1st period - Wrist shot by Adrian Kempe.
16:42 of 1st period - Deflect By Danton Heinen.
16:42 of 1st period - Deflect By Tyler Bozak.
16:42 of 1st period - Shot Blocked by Chris Bigras.
16:42 of 1st period - Puck is out of play.
16:43 of 1st period - Peter Holland wins face-off versus Tyler Bozak in Condors zone.
16:44 of 1st period - Slapshot by Adrian Kempe.
16:44 of 1st period - Stopped by Mackenzie Blackwood without a rebound.
16:45 of 1st period - Tyler Bozak wins face-off versus Peter Holland in Condors zone.
17:10 of 1st period - Snap shot by Peter Holland.
17:10 of 1st period - Shot Blocked by Nail Yakupov.
17:12 of 1st period - Snap shot by Alex Petrovic.
17:12 of 1st period - Shot Misses the Net.
17:18 of 1st period - Slapshot by Peter Holland.
17:18 of 1st period - Deflect By Danton Heinen.
17:18 of 1st period - Shot Misses the Net.
17:18 of 1st period - Puck is out of play.
17:19 of 1st period - Frederik Gauthier wins face-off versus Corey Trivino in Condors zone.
17:32 of 1st period - Wrist shot by Anton Slepyshev.
17:32 of 1st period - Stopped by Joni Ortio with a rebound.
18:06 of 1st period - Backhand shot by Mikko Lehtonen.
18:06 of 1st period - Deflect By C.J Suess.
18:06 of 1st period - Stopped by Joni Ortio without a rebound.
18:07 of 1st period - Louis Leblanc wins face-off versus Dominic Turgeon in Diablos zone.
18:15 of 1st period - Snap shot by Alex Petrovic.
18:15 of 1st period - Stopped by Mackenzie Blackwood without a rebound.
18:16 of 1st period - Peter Holland wins face-off versus Tyler Bozak in Condors zone.
18:19 of 1st period - Wrist shot by Danton Heinen.
18:19 of 1st period - Shot Misses the Net.
18:21 of 1st period - Slapshot by Alex Petrovic.
18:21 of 1st period - Deflect By Nail Yakupov.
18:21 of 1st period - Stopped by Mackenzie Blackwood without a rebound.
18:22 of 1st period - Nail Yakupov wins face-off versus Peter Holland in Condors zone.
18:35 of 1st period - Slapshot by Nail Yakupov.
18:35 of 1st period - Goal by Nail Yakupov - Diablos : 2 - Condors : 1.
18:36 of 1st period - Tyler Bozak wins face-off versus Peter Holland in neutral zone.
19:02 of 1st period - Alex Tuch is hit by Jiri Sekac and loses puck.
19:12 of 1st period - Slapshot by Brian Dumoulin.
19:12 of 1st period - Shot Blocked by Eric Gustafsson.
19:14 of 1st period - Snap shot by Brian Dumoulin.
19:14 of 1st period - Shot Misses the Net.
19:47 of 1st period - Off-side.
19:48 of 1st period - Louis Leblanc wins face-off versus Charles Hudon in neutral zone.
Goals for this period are 2 for Diablos vs 1 for Condors.
Shots for this period are 11 for Diablos vs 18 for Condors.

2nd period


0:01 of 2nd period - Peter Holland wins face-off versus Tyler Bozak in neutral zone.
0:05 of 2nd period - Off-side.
0:06 of 2nd period - Tyler Bozak wins face-off versus Peter Holland in neutral zone.
0:40 of 2nd period - Snap shot by Corey Trivino.
0:40 of 2nd period - Stopped by Mackenzie Blackwood with a rebound.
0:42 of 2nd period - Wrist shot by Corey Trivino.
0:42 of 2nd period - Shot Misses the Net.
0:44 of 2nd period - Slapshot by Alex Petrovic.
0:44 of 2nd period - Shot Blocked by Eric Gustafsson.
1:51 of 2nd period - Snap shot by Louis Leblanc.
1:51 of 2nd period - Stopped by Joni Ortio without a rebound.
1:52 of 2nd period - Peter Holland wins face-off versus Frederik Gauthier in Diablos zone.
2:23 of 2nd period - Wrist shot by Tyler Pitlick.
2:23 of 2nd period - Goal by Tyler Pitlick - Diablos : 3 - Condors : 1.
2:24 of 2nd period - Tyler Bozak wins face-off versus Peter Holland in neutral zone.
2:40 of 2nd period - Wrist shot by Adrian Kempe.
2:40 of 2nd period - Stopped by Mackenzie Blackwood with a rebound.
3:34 of 2nd period - Off-side.
3:35 of 2nd period - Mason Appleton wins face-off versus Louis Leblanc in neutral zone.
3:46 of 2nd period - Backhand shot by Corey Tropp.
3:46 of 2nd period - Stopped by Mackenzie Blackwood without a rebound.
3:47 of 2nd period - Peter Holland wins face-off versus Tyler Bozak in Condors zone.
3:50 of 2nd period - Wrist shot by Peter Holland.
3:50 of 2nd period - Shot Blocked by Nail Yakupov.
3:52 of 2nd period - Wrist shot by Danton Heinen.
3:52 of 2nd period - Shot Misses the Net.
4:03 of 2nd period - Snap shot by Adrian Kempe.
4:03 of 2nd period - Shot Misses the Net.
4:19 of 2nd period - Icing by Brian Dumoulin.
4:20 of 2nd period - Corey Trivino wins face-off versus Frederik Gauthier in Diablos zone.
5:04 of 2nd period - Icing by Jiri Sekac.
5:05 of 2nd period - Tyler Bozak wins face-off versus Peter Holland in Diablos zone.
5:16 of 2nd period - Wrist shot by Adrian Kempe.
5:16 of 2nd period - Stopped by Mackenzie Blackwood with a rebound.
5:18 of 2nd period - Slapshot by Brian Dumoulin.
5:18 of 2nd period - Stopped by Mackenzie Blackwood with a rebound.
5:20 of 2nd period - Snap shot by Peter Holland.
5:20 of 2nd period - Shot Blocked by Tyler Bozak.
6:02 of 2nd period - Slapshot by Christian Thomas.
6:02 of 2nd period - Stopped by Joni Ortio without a rebound.
6:03 of 2nd period - Peter Holland wins face-off versus Tyler Bozak in Diablos zone.
6:08 of 2nd period - Adrian Kempe is hit by Andrew Mangiapane and loses puck.
7:43 of 2nd period - Minor Penalty to Brian Dumoulin for Holding.
7:44 of 2nd period - Tyler Bozak wins face-off versus Corey Trivino in Diablos zone.
7:51 of 2nd period - Slapshot by Eric Gustafsson.
7:51 of 2nd period - Shot Blocked by Dean Kukan.
7:53 of 2nd period - Snap shot by Tyler Bozak.
7:53 of 2nd period - Stopped by Joni Ortio with a rebound.
7:55 of 2nd period - Slapshot by Eric Gustafsson.
7:55 of 2nd period - Stopped by Joni Ortio with a rebound.
7:57 of 2nd period - Snap shot by Tyler Bozak.
7:57 of 2nd period - Shot Misses the Net.
7:59 of 2nd period - Wrist shot by Alex Tuch.
7:59 of 2nd period - Deflect By Corey Trivino.
7:59 of 2nd period - Stopped by Joni Ortio with a rebound.
9:12 of 2nd period - Carl Gunnarsson is hit by Sergey Tolchinsky and loses puck.
9:31 of 2nd period - Zac Leslie is hit by Andrey Pedan and loses puck.
9:43 of 2nd period - Penalty to Brian Dumoulin is over, Brian Dumoulin is back on ice.
10:41 of 2nd period - Christian Thomas is hit by Brian Dumoulin and loses puck.
11:10 of 2nd period - Wrist shot by Anton Slepyshev.
11:10 of 2nd period - Stopped by Joni Ortio without a rebound.
11:11 of 2nd period - Frederik Gauthier wins face-off versus Dominic Turgeon in Diablos zone.
11:26 of 2nd period - Slapshot by Brian Dumoulin.
11:26 of 2nd period - Shot Blocked by Alex Tuch.
11:36 of 2nd period - Snap shot by Jiri Sekac.
11:36 of 2nd period - Shot Blocked by Carl Gunnarsson.
11:38 of 2nd period - Snap shot by Brian Dumoulin.
11:38 of 2nd period - Stopped by Mackenzie Blackwood without a rebound.
11:39 of 2nd period - Corey Trivino wins face-off versus Tyler Bozak in Condors zone.
11:46 of 2nd period - Wrist shot by Jiri Sekac.
11:46 of 2nd period - Stopped by Mackenzie Blackwood with a rebound.
11:48 of 2nd period - Slapshot by Jiri Sekac.
11:48 of 2nd period - Stopped by Mackenzie Blackwood with a rebound.
11:54 of 2nd period - Snap shot by Jiri Sekac.
11:54 of 2nd period - Stopped by Mackenzie Blackwood with a rebound.
12:29 of 2nd period - Snap shot by Frederik Gauthier.
12:29 of 2nd period - Stopped by Joni Ortio with a rebound.
12:55 of 2nd period - Snap shot by Brian Dumoulin.
12:55 of 2nd period - Stopped by Mackenzie Blackwood without a rebound.
12:56 of 2nd period - Peter Holland wins face-off versus Tyler Bozak in Condors zone.
12:59 of 2nd period - Wrist shot by Danton Heinen.
12:59 of 2nd period - Stopped by Mackenzie Blackwood with a rebound.
13:01 of 2nd period - Slapshot by Alex Petrovic.
13:01 of 2nd period - Stopped by Mackenzie Blackwood without a rebound.
13:02 of 2nd period - Tyler Bozak wins face-off versus Peter Holland in Condors zone.
13:07 of 2nd period - Peter Holland is hit by Eric Gustafsson and loses puck.
13:34 of 2nd period - Snap shot by Frederik Gauthier.
13:34 of 2nd period - Deflect By Alex Tuch.
13:34 of 2nd period - Shot Misses the Net.
13:34 of 2nd period - Puck is out of play.
13:35 of 2nd period - Corey Trivino wins face-off versus Frederik Gauthier in Diablos zone.
13:48 of 2nd period - Snap shot by Frederik Gauthier.
13:48 of 2nd period - Deflect By Alex Tuch.
13:48 of 2nd period - Stopped by Joni Ortio with a rebound.
14:00 of 2nd period - Brett Lernout is hit by Danton Heinen and loses puck.
14:29 of 2nd period - Wrist shot by Nail Yakupov.
14:29 of 2nd period - Shot Blocked by Alex Petrovic.
14:31 of 2nd period - Snap shot by Tyler Bozak.
14:31 of 2nd period - Shot Misses the Net.
14:45 of 2nd period - Wrist shot by Daniel Zaar.
14:45 of 2nd period - Deflect By Mark Jankowski.
14:45 of 2nd period - Shot Misses the Net.
14:45 of 2nd period - Puck is out of play.
14:46 of 2nd period - Mark Jankowski wins face-off versus Corey Trivino in Diablos zone.
14:57 of 2nd period - Snap shot by Daniel Zaar.
14:57 of 2nd period - Goal by Daniel Zaar - Diablos : 3 - Condors : 2.
14:58 of 2nd period - Peter Holland wins face-off versus Tyler Bozak in neutral zone.
15:53 of 2nd period - Snap shot by Corey Tropp.
15:53 of 2nd period - Shot Misses the Net.
16:13 of 2nd period - Snap shot by Dominic Turgeon.
16:13 of 2nd period - Stopped by Mackenzie Blackwood with a rebound.
16:15 of 2nd period - Snap shot by Dominic Turgeon.
16:15 of 2nd period - Stopped by Mackenzie Blackwood with a rebound.
16:34 of 2nd period - Snap shot by Tyler Pitlick.
16:34 of 2nd period - Stopped by Mackenzie Blackwood with a rebound.
16:57 of 2nd period - Wrist shot by Tyler Bozak.
16:57 of 2nd period - Shot Misses the Net.
16:59 of 2nd period - Wrist shot by Tyler Bozak.
16:59 of 2nd period - Shot Misses the Net.
17:01 of 2nd period - Slapshot by Chris Bigras.
17:01 of 2nd period - Stopped by Joni Ortio with a rebound.
17:03 of 2nd period - Wrist shot by Tyler Bozak.
17:03 of 2nd period - Stopped by Joni Ortio with a rebound.
17:20 of 2nd period - Snap shot by Corey Tropp.
17:20 of 2nd period - Shot Misses the Net.
17:22 of 2nd period - Slapshot by Corey Tropp.
17:22 of 2nd period - Shot Misses the Net.
17:24 of 2nd period - Slapshot by Corey Tropp.
17:24 of 2nd period - Stopped by Mackenzie Blackwood with a rebound.
17:53 of 2nd period - Slapshot by Tyler Bozak.
17:53 of 2nd period - Stopped by Joni Ortio without a rebound.
17:54 of 2nd period - Tyler Bozak wins face-off versus Corey Trivino in Diablos zone.
18:19 of 2nd period - Andrey Pedan is hit by Alex Tuch.
18:45 of 2nd period - Snap shot by Mark Jankowski.
18:45 of 2nd period - Stopped by Joni Ortio without a rebound.
18:46 of 2nd period - Peter Holland wins face-off versus Mark Jankowski in Diablos zone.
19:01 of 2nd period - Snap shot by Adrian Kempe.
19:01 of 2nd period - Stopped by Mackenzie Blackwood with a rebound.
19:11 of 2nd period - Carl Gunnarsson is hit by Brian Dumoulin and loses puck.
19:18 of 2nd period - Snap shot by Tyler Pitlick.
19:18 of 2nd period - Shot Misses the Net.
19:20 of 2nd period - Snap shot by Andrei Mironov.
19:20 of 2nd period - Shot Misses the Net.
Goals for this period are 1 for Diablos vs 1 for Condors.
Shots for this period are 18 for Diablos vs 13 for Condors.

3rd period


0:01 of 3rd period - Danton Heinen wins face-off versus Tyler Bozak in neutral zone.
0:33 of 3rd period - Snap shot by Andrew Mangiapane.
0:33 of 3rd period - Stopped by Joni Ortio with a rebound.
0:39 of 3rd period - Snap shot by Nail Yakupov.
0:39 of 3rd period - Shot Misses the Net.
0:41 of 3rd period - Slapshot by Chris Bigras.
0:41 of 3rd period - Shot Misses the Net.
0:43 of 3rd period - Slapshot by Zac Leslie.
0:43 of 3rd period - Stopped by Joni Ortio with a rebound.
0:45 of 3rd period - Snap shot by Zac Leslie.
0:45 of 3rd period - Stopped by Joni Ortio without a rebound.
0:46 of 3rd period - Peter Holland wins face-off versus Frederik Gauthier in Diablos zone.
2:13 of 3rd period - Eric Gustafsson is hit by Viktor Loov and loses puck.
2:20 of 3rd period - Wrist shot by Danton Heinen.
2:20 of 3rd period - Shot Misses the Net.
3:55 of 3rd period - Slapshot by Zac Leslie.
3:55 of 3rd period - Shot Blocked by Andrei Mironov.
4:11 of 3rd period - Louis Leblanc is hit by Corey Tropp and loses puck.
4:29 of 3rd period - Minor Penalty to Brett Lernout for Roughing.
4:30 of 3rd period - Tyler Bozak wins face-off versus Peter Holland in Condors zone.
5:46 of 3rd period - Tyler Pitlick is hit by Eric Gustafsson and loses puck.
6:08 of 3rd period - Dean Kukan is hit by Chris Bigras and loses puck.
6:29 of 3rd period - Penalty to Brett Lernout is over, Brett Lernout is back on ice.
7:16 of 3rd period - Andrey Pedan is hit by Chris Bigras and loses puck.
8:45 of 3rd period - Icing by Chris Bigras.
8:46 of 3rd period - Dominic Turgeon wins face-off versus Louis Leblanc in Condors zone.
8:53 of 3rd period - Dominic Turgeon is hit by Chris Bigras.
9:18 of 3rd period - Tyler Bozak is hit by Dominic Turgeon and loses puck.
9:35 of 3rd period - Slapshot by Alex Petrovic.
9:35 of 3rd period - Shot Misses the Net.
9:46 of 3rd period - Slapshot by Alex Petrovic.
9:46 of 3rd period - Stopped by Mackenzie Blackwood with a rebound.
9:48 of 3rd period - Wrist shot by Charles Hudon.
9:48 of 3rd period - Shot Blocked by Erik Cernak.
9:50 of 3rd period - Snap shot by Charles Hudon.
9:50 of 3rd period - Stopped by Mackenzie Blackwood with a rebound.
10:00 of 3rd period - Slapshot by Alex Petrovic.
10:00 of 3rd period - Shot Misses the Net.
10:02 of 3rd period - Slapshot by Charles Hudon.
10:02 of 3rd period - Stopped by Mackenzie Blackwood without a rebound.
10:03 of 3rd period - Tyler Bozak wins face-off versus Peter Holland in Condors zone.
10:12 of 3rd period - Peter Holland is hit by Tyler Bozak and loses puck.
10:52 of 3rd period - Snap shot by Sergey Tolchinsky.
10:52 of 3rd period - Shot Blocked by Chris Bigras.
11:10 of 3rd period - Wrist shot by Adrian Kempe.
11:10 of 3rd period - Deflect By Frederik Gauthier.
11:10 of 3rd period - Goal by Adrian Kempe - Diablos : 4 - Condors : 2.
11:11 of 3rd period - Tyler Bozak wins face-off versus Peter Holland in neutral zone.
11:47 of 3rd period - Wrist shot by Mark Jankowski.
11:47 of 3rd period - Stopped by Joni Ortio without a rebound.
11:48 of 3rd period - Corey Trivino wins face-off versus Tyler Bozak in Diablos zone.
12:15 of 3rd period - Chris Bigras is hit by Corey Tropp and loses puck.
12:42 of 3rd period - Daniel Sprong is hit by Brett Lernout.
13:42 of 3rd period - Icing by Dean Kukan.
13:43 of 3rd period - Frederik Gauthier wins face-off versus Corey Trivino in Diablos zone.
13:44 of 3rd period - Snap shot by Anton Slepyshev.
13:44 of 3rd period - Stopped by Joni Ortio with a rebound.
13:46 of 3rd period - Slapshot by Chris Bigras.
13:46 of 3rd period - Stopped by Joni Ortio without a rebound.
13:47 of 3rd period - Adrian Kempe wins face-off versus Tyler Bozak in Diablos zone.
15:04 of 3rd period - Wrist shot by Nail Yakupov.
15:04 of 3rd period - Stopped by Joni Ortio with a rebound.
15:10 of 3rd period - Wrist shot by Tyler Bozak.
15:10 of 3rd period - Shot Misses the Net.
15:12 of 3rd period - Slapshot by Carl Gunnarsson.
15:12 of 3rd period - Stopped by Joni Ortio without a rebound.
15:13 of 3rd period - Adrian Kempe wins face-off versus Tyler Bozak in Diablos zone.
15:20 of 3rd period - Nail Yakupov is hit by Andrey Pedan and loses puck.
16:28 of 3rd period - Minor Penalty to Erik Cernak for Hooking.
16:29 of 3rd period - Nail Yakupov wins face-off versus Peter Holland in Condors zone.
16:55 of 3rd period - Carl Gunnarsson is hit by Tyler Pitlick and loses puck.
18:28 of 3rd period - Penalty to Erik Cernak is over, Erik Cernak is back on ice.
18:41 of 3rd period - Snap shot by Mason Appleton.
18:41 of 3rd period - Shot Misses the Net.
19:03 of 3rd period - Danton Heinen is hit by Anton Slepyshev and loses puck.
19:07 of 3rd period - Icing by Danton Heinen.
19:08 of 3rd period - Peter Holland wins face-off versus Frederik Gauthier in Diablos zone.
19:26 of 3rd period - Minor Penalty to Andrey Pedan for High sticking.
19:27 of 3rd period - Tyler Bozak wins face-off versus Corey Trivino in Diablos zone.
19:34 of 3rd period - Alex Petrovic is hit by Tyler Bozak and loses puck.
19:35 of 3rd period - Alex Petrovic from Diablos is injured at 19:35 of 3rd period (Left Knee).
19:36 of 3rd period - Corey Trivino wins face-off versus Tyler Bozak in Diablos zone.
Goals for this period are 1 for Diablos vs 0 for Condors.
Shots for this period are 4 for Diablos vs 8 for Condors.